Map: 2000 애트모스피어 - 래더

Players

Maru - Winner!

  • Race: Terran Terran
  • League: Master

Creator

  • Race: Protoss Protoss

Event: DreamHack SC2 Masters Last Chance 2022

VOD

Have the link to the VOD?

Description

Time

  • Played on: Dec. 15, 2021, 5:25 a.m.
  • Length: 9:38

All games in this series

Show
View Real Time Build Order
Export as new Build Order

Maru Terran - Winner!

Build Orders: Cyclone Opening 

Get SALT Encoding   

  12  0:00  SCV  
  13  0:12  SCV  
  14  0:16  Supply Depot  
  14  0:24  SCV  
  15  0:38  SCV  
  15  0:39  Barracks  
  16  0:44  Refinery  
  16  0:50  SCV  
  17  1:02  SCV  
  17  1:04  Engineering Bay  
  18  1:14  SCV  
  19  1:29  Marine  
  19  1:30  Orbital Command  
  20  1:44  Factory  
  20  1:55  SCV  
  20  1:58  Supply Depot  
  21  2:03  Barracks Reactor  
  21  2:07  SCV  
  22  2:17  Command Center  
  22  2:19  SCV  
  23  2:29  Factory Tech Lab, Barracks  
  23  2:33  SCV  
  23  2:36  Supply Depot  
  24  2:38  Marine  
  24  2:39  Marine  
  26  2:45  SCV  
  26  2:50  Cyclone  
  30  2:56  Refinery  
  30  2:57  Marine  
  31  2:59  Marine  
  32  3:08  SCV  
  33  3:15  Marine  
  33  3:16  Barracks Tech Lab  
  33  3:17  Marine  
  35  3:20  SCV  
  36  3:32  SCV  
  37  3:36  Marine x3  
  37  3:37  Stimpack  
  40  3:43  Engineering Bay  
  40  3:44  SCV  
  41  3:54  Orbital Command  
  41  3:55  Marine x2  
  41  3:56  SCV, Marine  
  45  4:02  Starport  
  45  4:07  Factory Reactor  
  45  4:08  SCV  
  46  4:13  Supply Depot  
  46  4:17  Terran Infantry Weapons Level 1  
  46  4:20  SCV  
  46  4:21  SCV  
  48  4:24  Marine x2  
  48  4:26  Marine  
  51  4:34  Barracks  
  51  4:35  SCV  
  51  4:36  SCV  
  53  4:41  Supply Depot  
  53  4:47  SCV, Marine x3  
  53  4:49  SCV  
  53  4:50  Medivac  
  60  4:54  Medivac  
  62  5:01  Supply Depot  
  62  5:02  SCV x2  
  62  5:05  Marine x2  
  62  5:06  Marauder  
  67  5:14  SCV x2  
  67  5:15  Factory Reactor  
  67  5:17  Refinery  
  69  5:23  Marine x2  
  69  5:25  Combat Shield  
  69  5:27  SCV x2, Marine  
  74  5:36  Factory Tech Lab  
  74  5:38  Marauder  
  74  5:39  SCV  
  77  5:48  Supply Depot, Bunker  
  77  5:52  Marine  
  77  5:54  Marine  
  77  5:56  Marauder, SCV  
  81  5:59  Marauder  
  81  6:00  SCV  
  83  6:04  Siege Tank  
  83  6:08  SCV  
  83  6:10  Medivac  
  83  6:12  SCV  
  83  6:14  Supply Depot  
  84  6:20  SCV, Marine x2  
  84  6:21  Marauder, Barracks Tech Lab  
  84  6:24  SCV  
  90  6:29  Supply Depot, Terran Infantry Armor Level 1  
  89  6:38  Refinery  
  89  6:42  Marauder  
  89  6:43  Marine x2  
  89  6:44  Marauder, Concussive Shells  
  95  6:48  Supply Depot  
  95  6:58  Siege Tank  
  98  7:01  Marine x2  
  98  7:04  Marauder  
  104  7:08  Marauder  
  104  7:09  Medivac  
  104  7:10  Command Center  
  104  7:15  Supply Depot  
  106  7:21  Marine x2  
  107  7:25  Marauder  
  107  7:29  SCV  
  109  7:30  Marauder, Siege Tank  
  109  7:36  SCV  
  113  7:41  Supply Depot, SCV  
  113  7:43  Barracks  
  108  7:44  Barracks  
  108  7:49  Marauder, Marine x2  
  108  7:50  Viking  
  108  7:51  Marauder  
  117  7:58  SCV x2  
  117  8:03  Siege Tank  
  117  8:05  Viking  
  123  8:06  Supply Depot  
  123  8:10  SCV x2  
  125  8:13  Marauder x2, Marine  
  130  8:23  Viking  
  132  8:31  Barracks Tech Lab, Barracks Reactor  
  132  8:33  SCV  
  133  8:34  Marauder  
  133  8:37  Siege Tank  
  138  8:43  SCV  
  138  8:47  SCV  
  131  8:52  Marine  
  131  8:53  Marine x2  
  131  8:54  Marauder  
  124  9:00  Viking  
  121  9:05  Marauder  
  124  9:10  Marine  
  124  9:11  Marauder, SCV, Orbital Command  
  124  9:15  Marauder  
  130  9:17  SCV  
  130  9:18  Marine x2  
  130  9:23  SCV  
Show
View Real Time Build Order
Export as new Build Order

Creator Protoss 

Build Orders: Blink Stalkers 

Get SALT Encoding   

  12  0:00  Probe  
  13  0:12  Probe  
  14  0:17  Pylon  
  14  0:24  Probe (Chrono Boost)  
  15  0:36  Probe (Chrono Boost)  
  15  0:37  Gateway  
  16  0:44  Probe (Chrono Boost)  
  16  0:45  Assimilator  
  17  0:51  Probe  
  18  1:03  Probe  
  19  1:15  Probe  
  20  1:22  Zealot (Chrono Boost)  
  20  1:25  Cybernetics Core  
  22  1:27  Probe, Pylon  
  23  1:39  Assimilator  
  23  1:45  Probe  
  23  1:57  Probe  
  23  2:01  Stalker  
  26  2:02  Warp Gate  
  26  2:09  Probe  
  27  2:16  Nexus  
  27  2:21  Probe  
  28  2:32  Twilight Council  
  28  2:34  Probe  
  29  2:37  Pylon  
  29  2:46  Probe  
  30  2:54  Shield Battery  
  30  2:55  Adept  
  30  2:58  Probe (Chrono Boost)  
  33  3:07  Robotics Facility, Probe (Chrono Boost)  
  33  3:12  Probe (Chrono Boost)  
  34  3:19  Shield Battery  
  35  3:24  Probe  
  36  3:30  Probe  
  37  3:35  Blink (Chrono Boost)  
  37  3:36  Gateway  
  37  3:44  Probe  
  37  3:45  Probe  
  39  3:50  Stalker  
  39  3:52  Probe  
  39  3:54  Observer (Chrono Boost)  
  42  3:57  Probe  
  42  4:00  Probe  
  44  4:03  Gateway  
  44  4:09  Probe  
  46  4:14  Gateway  
  46  4:19  Warp Prism  
  46  4:24  Stalker  
  50  4:28  Pylon  
  50  4:32  Stalker  
  50  4:34  Probe x2  
  54  4:38  Pylon  
  54  4:46  Assimilator  
  54  4:48  Assimilator  
  54  4:49  Stalker  
  54  4:50  Probe x2  
  58  4:59  Stalker x2  
  62  5:04  Probe x2  
  62  5:05  Pylon  
  64  5:10  Stalker  
  66  5:18  Stalker  
  66  5:20  Probe  
  69  5:32  Stalker x2  
  71  5:36  Stalker  
  71  5:39  Probe x2  
  71  5:40  Pylon  
  75  5:49  Stalker, Pylon  
  77  5:51  Robotics Bay  
  77  6:08  Immortal (Chrono Boost)  
  77  6:10  Nexus  
  77  6:12  Sentry x2  
  81  6:19  Probe x2  
  81  6:23  Pylon  
  83  6:27  Forge  
  83  6:31  Probe x2  
  85  6:37  Colossus (Chrono Boost)  
  85  6:43  Probe x2, Shield Battery  
  93  6:48  Extended Thermal Lance  
  93  6:55  Probe x2  
  93  7:00  Protoss Ground Weapons Level 1  
  95  7:04  Gateway  
  95  7:05  Pylon  
  95  7:11  Zealot x3  
  95  7:13  Charge (Chrono Boost)  
  98  7:24  Colossus (Chrono Boost)  
  104  7:33  Zealot x3  
  104  7:34  Zealot  
  104  7:48  Probe x3  
  104  7:50  Dark Shrine  
  107  7:55  Stalker  
  109  8:00  Probe x3  
  112  8:07  Observer (Chrono Boost)  
  112  8:08  Assimilator  
  112  8:09  Assimilator  
  112  8:10  Stalker x2, Pylon  
  112  8:11  Gateway  
  112  8:12  Gateway  
  117  8:13  Stalker  
  117  8:19  Probe x3  
  122  8:22  Stalker  
  122  8:25  Pylon  
  124  8:29  Zealot  
  123  8:42  Disruptor (Chrono Boost)  
  123  8:44  Zealot x2  
  123  8:45  Zealot  
  123  8:46  Stalker  
  114  8:53  Zealot  
  98  9:09  Dark Templar x2  
  102  9:10  Immortal (Chrono Boost), Stalker  
  102  9:14  Archon  
  102  9:16  Zealot x3  
  101  9:33  Zealot  
  101  9:34  Zealot  

Tags
 
Add a new tag
Caveats
  • Supply blocks, unpowered buildings, or Contaminate may cause inaccurate times.
  • Supply counts are checked every 10 seconds.